Islanders vs Marlies

Created - 12 décembre 2023 at 21:50

Goals
1 2 3 T
Islanders 0 0 2 2
Marlies 2 1 1 4
Shots
1 2 3 T
Islanders 5 3 5 13
Marlies 12 11 16 39

GoalsPenalties
1st period
1. Marlies , Ville Koivunen 7 (Brad Richardson 14, Greg McKegg 11) at 14:05
2. Marlies , Brett Seney 15 (Ryan Merkley 12) at 19:30
Ryan Schmelzer (NYI) for Holding Stick (Minor) at 3:27
2nd period
3. Marlies , Nikita Alexandrov 15 (Andy Welinski 7) at 1:12
Andy Welinski (TOR) for Hooking (Minor) at 4:39
Jermaine Loewen (TOR) for Interference (Minor) at 8:36
3rd period
4. Marlies , Greg McKegg 14 (Alec Regula 9, Brad Richardson 15) at 0:44
5. Islanders , Libor Hajek 1 (Steven Fogarty 22) at 5:45 (PP)
6. Islanders , Matt Coronato 14 (Steven Fogarty 23, Brent Gates Jr. 3) at 8:13 (PP)
Alec Regula (TOR) for Roughing (Minor) at 2:31
Brett Sutter (TOR) for Tripping (Minor) at 4:54
Lassi Thomson (TOR) for Tripping (Minor) at 8:07
Goalie Stats
Hugo Alnefelt (NYI), 35 saves from 39 shots - (0,897), L, 20-24-4, 60:00 minutes
Arturs Silovs (TOR), 11 saves from 13 shots - (0,846), W, 13-4-3, 60:00 minutes
3 StarsOfficial
1 - Greg McKegg (TOR)
2 - Ville Koivunen (TOR)
3 - Brad Richardson (TOR)
Referees : Jon McIsaac and Michael Markovic
Linesman : Scott Cherrey and Shandor Alphonso
Game Note
Alexander Nylander is injured at 5:37 of 1st period (Strained Left Elbow)
0:44 of 3rd period - Marlies goal is going for a video replay. After video review, Goal.
Grigori Denisenko is injured at 5:31 of 3rd period (Lower Body)



Team Name Goals Shots Shots Attemp Shots Blocked PIM HIT PP PK FO%
Islanders 21324102182 / 5 (40%)033%
Marlies 43959310300 / 1 (0%)267%

Islanders
Player Name POS G A P +/- PIM HIT SHT SB MP PP MP PP SHT PK MP PK SHT FO% FOT GA TA
Alexander NylanderC/LW/RW000001001:430:0000:00050% 200
Brandon GignacLW000-1010016:342:1700:4600% 000
Brent Gates Jr.C011-1031122:263:4800:46040% 1511
Cole CasselsC000-2021123:262:3400:23050% 410
David FarranceD000-1001121:421:1000:5700% 000
Grigori DenisenkoLW/RW000-1001014:382:2100:0000% 001
Henri NikkanenC000000000:120:0000:0000% 000
Jack DoughertyD000-1012020:323:5400:5700% 001
Jackson CatesC000000001:270:0000:0000% 200
Jakub GalvasD000-3000218:260:1800:0000% 000
Libor HajekD101-2021131:014:5611:0200% 002
Matt CoronatoRW101-2013228:064:0520:59075% 401
Mitchell Vande SompelD000-1011230:003:3801:0200% 001
Ryan SchmelzerC000-2210015:400:3200:00033% 301
Seth BartonD000-101005:330:0000:0000% 000
Steven FogartyC/RW022-1041027:403:5601:04017% 1802
Taro HiroseLW000-100108:240:3500:0000% 010
Tyler MaddenC0000000010:300:2600:0000% 000
Marlies
Player Name POS G A P +/- PIM HIT SHT SB MP PP MP PP SHT PK MP PK SHT FO% FOT GA TA
Alec RegulaD0111203120:430:5003:0100% 000
Andy WelinskiD0113230017:360:0002:0600% 001
Brad RichardsonC0222022016:280:0303:55060% 1500
Brett SeneyC/LW1011023015:490:5401:180100% 130
Brett SutterLW0000234010:320:0300:0000% 001
Dillon HeatheringtonD0001000020:190:0003:3700% 011
Dominic ToninatoC/LW0001013016:170:5402:07073% 1110
Filip CederqvistLW/RW0001022014:000:5400:0000% 000
Greg McKeggC/LW1122034014:000:0001:4100% 010
Jermaine LoewenRW0000222010:480:0300:0000% 000
Jonah GadjovichLW/RW0001032016:541:0200:500100% 110
Kyle CriscuoloC0000011010:190:0000:00063% 810
Lassi ThomsonD0000210121:461:0901:4000% 000
Nikita AlexandrovC1011015015:431:0200:00067% 1200
Ronnie AttardD0000004123:331:0903:2410% 010
Ryan MerkleyD0113010016:150:5000:0000% 000
Saku MaenalanenLW/RW0001031019:401:0203:5700% 010
Ville KoivunenRW1012023012:190:0000:0000% 000

Islanders

5 vs 5 Forward
Line #Left WingCenterRight WingPHYDFOFWanted %Time %Time Play
1Matt CoronatoAlexander NylanderSteven Fogarty1224051%26:04
2Cole CasselsSteven FogartyMatt Coronato1223024%12:30
3Ryan SchmelzerSteven FogartyMatt Coronato1222013%6:29
4Tyler MaddenSteven FogartyMatt Coronato1221012%6:04
5 vs 5 Defense
Line #DefenseDefensePHYDFOFWanted %Time %Time Play
1Mitchell Vande SompelLibor Hajek1224029%14:57
2David FarranceLibor Hajek1223033%16:43
3Jakub GalvasMitchell Vande Sompel1222029%14:57
4Libor HajekJack Dougherty122109%4:30
Power Play Forward
Line #Left WingCenterRight WingPHYDFOFWanted %Time %Time Play
1Matt CoronatoAlexander NylanderSteven Fogarty12260100%6:54
2Matt CoronatoAlexander NylanderSteven Fogarty122400%0:00
Power Play Defense
Line #DefenseDefensePHYDFOFWanted %Time %Time Play
1Mitchell Vande SompelLibor Hajek1226056%3:52
2Libor HajekJack Dougherty1224044%3:02
Penalty Kill 4 Players Forward
Line #CenterWingPHYDFOFWanted %Time %Time Play
1Matt CoronatoSteven Fogarty1226080%1:35
2Steven FogartyMatt Coronato1224020%0:24
Penalty Kill 4 Players Defense
Line #DefenseDefensePHYDFOFWanted %Time %Time Play
1Mitchell Vande SompelLibor Hajek1226069%1:22
2Libor HajekJack Dougherty1224031%0:37
Penalty Kill 3 Players
Line #WingPHYDFOFWanted %Time %Time PlayDefenseDefensePHYDFOFWanted %Time %Time Play
1Steven Fogarty122600%0:00 Jack DoughertyLibor Hajek122600%0:00
2Steven Fogarty122400%0:00 Libor HajekMitchell Vande Sompel122400%0:00
4 vs 4 Forward
Line #CenterWingPHYDFOFWanted %Time %Time Play
1Matt CoronatoSteven Fogarty122600%0:00
2Steven FogartyMatt Coronato122400%0:00
4 vs 4 Defense
Line #DefensePHYDFOFWanted %Time %Time Play
1Libor HajekMitchell Vande Sompel122600%0:00
2Libor HajekMitchell Vande Sompel122400%0:00
Last Minutes Offensive
Left WingCenterRight WingDefenseDefense
Matt CoronatoAlexander NylanderSteven FogartyMitchell Vande SompelLibor Hajek
Last Minutes Defensive
Left WingCenterRight WingDefenseDefense
Matt CoronatoAlexander NylanderSteven FogartyMitchell Vande SompelLibor Hajek
Time
Total ForwardTotal DefenseLast Minutes OffensiveLast Minutes Defensive
60:00 60:00 0:000:00
Extra Forwards
Normal PowerPlayPenalty Kill
Steven Fogarty, Alexander Nylander, Matt CoronatoMatt Coronato, Steven FogartySteven Fogarty
Extra Defensemen
Normal PowerPlayPenalty Kill
David Farrance, Libor Hajek, Jack DoughertyLibor Hajek, Jack DoughertyLibor Hajek
Penalty Shots
Alexander Nylander, Matt Coronato, Steven Fogarty, Ryan Schmelzer, Cole Cassels
Goalie
Hugo Alnefelt, Dennis Hildeby
Scratches
Seth Helgeson (Sprained Right Ankle Injury), Dmitry Osipov (Healthy), John Moore (Healthy), Jordy Bellerive (Healthy), Kody Clark (Healthy) Matthew Strome (Healthy), Brendan Warren (Healthy), Cameron Hillis (Healthy), Cedric Lacroix (Healthy), Hayden Hodgson (Healthy) Hunter Jones (Healthy)

Marlies

5 vs 5 Forward
Line #Left WingCenterRight WingPHYDFOFWanted %Time %Time Play
1Jonah GadjovichNikita AlexandrovSaku Maenalanen0323030%15:23
2Brett SeneyDominic ToninatoFilip Cederqvist0322826%13:06
3Greg McKeggBrad RichardsonVille Koivunen0322424%12:19
4Brett SutterKyle CriscuoloJermaine Loewen0321820%10:19
5 vs 5 Defense
Line #DefenseDefensePHYDFOFWanted %Time %Time Play
1Ronnie AttardLassi Thomson1223737%18:53
2Alec RegulaDillon Heatherington1223333%17:00
3Ryan MerkleyAndy Welinski1223030%15:14
4Ronnie AttardAndy Welinski12200%0:00
Power Play Forward
Line #Left WingCenterRight WingPHYDFOFWanted %Time %Time Play
1Jonah GadjovichNikita AlexandrovSaku Maenalanen1136055%1:05
2Brett SeneyDominic ToninatoFilip Cederqvist1134045%0:54
Power Play Defense
Line #DefenseDefensePHYDFOFWanted %Time %Time Play
1Ronnie AttardLassi Thomson1226058%1:09
2Alec RegulaRyan Merkley1224042%0:50
Penalty Kill 4 Players Forward
Line #CenterWingPHYDFOFWanted %Time %Time Play
1Brad RichardsonSaku Maenalanen0326076%5:13
2Dominic ToninatoGreg McKegg1314024%1:41
Penalty Kill 4 Players Defense
Line #DefenseDefensePHYDFOFWanted %Time %Time Play
1Alec RegulaDillon Heatherington0416064%4:25
2Ronnie AttardAndy Welinski0414036%2:29
Penalty Kill 3 Players
Line #WingPHYDFOFWanted %Time %Time PlayDefenseDefensePHYDFOFWanted %Time %Time Play
1Nikita Alexandrov041600%0:00 Alec RegulaDillon Heatherington050600%0:00
2Greg McKegg041400%0:00 Ronnie AttardLassi Thomson050400%0:00
4 vs 4 Forward
Line #CenterWingPHYDFOFWanted %Time %Time Play
1Nikita AlexandrovSaku Maenalanen122600%0:00
2Dominic ToninatoBrett Seney122400%0:00
4 vs 4 Defense
Line #DefensePHYDFOFWanted %Time %Time Play
1Ronnie AttardLassi Thomson122600%0:00
2Alec RegulaRyan Merkley122400%0:00
Last Minutes Offensive
Left WingCenterRight WingDefenseDefense
Jonah GadjovichNikita AlexandrovSaku MaenalanenRonnie AttardLassi Thomson
Last Minutes Defensive
Left WingCenterRight WingDefenseDefense
Jonah GadjovichDominic ToninatoSaku MaenalanenRonnie AttardAlec Regula
Time
Total ForwardTotal DefenseLast Minutes OffensiveLast Minutes Defensive
60:00 60:00 0:000:00
Extra Forwards
Normal PowerPlayPenalty Kill
Nikita Alexandrov, Jonah Gadjovich, Dominic ToninatoNikita Alexandrov, Brad RichardsonDominic Toninato
Extra Defensemen
Normal PowerPlayPenalty Kill
Ryan Merkley, Alec Regula, Lassi ThomsonRyan Merkley, Ronnie AttardAlec Regula
Penalty Shots
Nikita Alexandrov, Saku Maenalanen, Dominic Toninato, Filip Cederqvist, Greg McKegg
Goalie
Arturs Silovs, Jiri Patera
Scratches
C.J. Smith (Healthy), Michael Vukojevic (Healthy), Nick Albano (Healthy), Sean Josling (Healthy), Jaydon Dureau (Healthy) Mitchell Heard (Healthy), Nolan Yaremko (Healthy), Tommy Miller (Healthy), Ty Glover (Healthy), Tyson Feist (Healthy) Pat Nagle (Healthy), Joel Blomqvist (Healthy), Victor Brattstrom (Healthy)


Play-by-Play

1st period


0:01 of 1st period - Alexander Nylander wins face-off versus Nikita Alexandrov in neutral zone.
0:04 of 1st period - Saku Maenalanen is hit by Libor Hajek and loses puck.
1:39 of 1st period - Slapshot by Filip Cederqvist.
1:39 of 1st period - Deflect By Brett Seney.
1:39 of 1st period - Shot Blocked by Matt Coronato.
1:39 of 1st period - Puck is out of play.
1:40 of 1st period - Matt Coronato wins face-off versus Dominic Toninato in Islanders zone.
2:26 of 1st period - Icing by Nikita Alexandrov.
2:27 of 1st period - Brent Gates Jr. wins face-off versus Kyle Criscuolo in Marlies zone.
2:34 of 1st period - Libor Hajek is hit by Brett Sutter and loses puck.
2:55 of 1st period - Snap shot by Dominic Toninato.
2:55 of 1st period - Stopped by Hugo Alnefelt with a rebound.
2:57 of 1st period - Slapshot by Alec Regula.
2:57 of 1st period - Stopped by Hugo Alnefelt without a rebound.
2:58 of 1st period - Dominic Toninato wins face-off versus Alexander Nylander in Islanders zone.
3:16 of 1st period - Slapshot by Dominic Toninato.
3:16 of 1st period - Deflect By Steven Fogarty.
3:16 of 1st period - Shot Misses the Net.
3:16 of 1st period - Puck is out of play.
3:17 of 1st period - Jonah Gadjovich wins face-off versus Steven Fogarty in Islanders zone.
3:27 of 1st period - Minor Penalty to Ryan Schmelzer for Holding Stick.
3:28 of 1st period - Nikita Alexandrov wins face-off versus Matt Coronato in Islanders zone.
5:27 of 1st period - Penalty to Ryan Schmelzer is over, Ryan Schmelzer is back on ice.
5:32 of 1st period - Alec Regula is hit by Alexander Nylander.
5:36 of 1st period - Alexander Nylander is hit by Ryan Merkley and loses puck.
5:37 of 1st period - Alexander Nylander from Islanders is injured at 5:37 of 1st period (Strained Left Elbow).
5:38 of 1st period - Brad Richardson wins face-off versus Brent Gates Jr. in Islanders zone.
6:28 of 1st period - Off-side.
6:29 of 1st period - Dominic Toninato wins face-off versus Brent Gates Jr. in neutral zone.
6:51 of 1st period - Icing by Matt Coronato.
6:52 of 1st period - Nikita Alexandrov wins face-off versus Ryan Schmelzer in Islanders zone.
8:02 of 1st period - Icing by Greg McKegg.
8:03 of 1st period - Nikita Alexandrov wins face-off versus Brent Gates Jr. in Marlies zone.
8:30 of 1st period - Snap shot by Grigori Denisenko.
8:30 of 1st period - Stopped by Arturs Silovs with a rebound.
9:31 of 1st period - Wrist shot by Greg McKegg.
9:31 of 1st period - Stopped by Hugo Alnefelt with a rebound.
9:33 of 1st period - Snap shot by Brad Richardson.
9:33 of 1st period - Shot Misses the Net.
10:37 of 1st period - Mitchell Vande Sompel is hit by Brett Sutter.
11:20 of 1st period - Ronnie Attard is hit by Brandon Gignac and loses puck.
11:33 of 1st period - Greg McKegg is hit by Brent Gates Jr. and loses puck.
11:42 of 1st period - Snap shot by Brad Richardson.
11:42 of 1st period - Stopped by Hugo Alnefelt with a rebound.
12:06 of 1st period - Filip Cederqvist is hit by Seth Barton and loses puck.
12:33 of 1st period - Wrist shot by Jonah Gadjovich.
12:33 of 1st period - Stopped by Hugo Alnefelt without a rebound.
12:34 of 1st period - Brad Richardson wins face-off versus Steven Fogarty in Islanders zone.
12:35 of 1st period - Wrist shot by Greg McKegg.
12:35 of 1st period - Shot Blocked by Matt Coronato.
13:32 of 1st period - Brandon Gignac is hit by Jonah Gadjovich and loses puck.
14:01 of 1st period - Wrist shot by Greg McKegg.
14:01 of 1st period - Stopped by Hugo Alnefelt with a rebound.
14:03 of 1st period - Slapshot by Brad Richardson.
14:03 of 1st period - Shot Misses the Net.
14:05 of 1st period - Snap shot by Ville Koivunen.
14:05 of 1st period - Goal by Ville Koivunen - Islanders : 0 - Marlies : 1.
14:06 of 1st period - Steven Fogarty wins face-off versus Nikita Alexandrov in neutral zone.
14:17 of 1st period - Wrist shot by Saku Maenalanen.
14:17 of 1st period - Shot Blocked by Mitchell Vande Sompel.
14:21 of 1st period - Snap shot by Jonah Gadjovich.
14:21 of 1st period - Stopped by Hugo Alnefelt without a rebound.
14:22 of 1st period - Kyle Criscuolo wins face-off versus Steven Fogarty in Islanders zone.
14:23 of 1st period - Snap shot by Brett Sutter.
14:23 of 1st period - Stopped by Hugo Alnefelt with a rebound.
14:33 of 1st period - Wrist shot by Matt Coronato.
14:33 of 1st period - Stopped by Arturs Silovs without a rebound.
14:34 of 1st period - Nikita Alexandrov wins face-off versus Steven Fogarty in Marlies zone.
14:45 of 1st period - Snap shot by Nikita Alexandrov.
14:45 of 1st period - Stopped by Hugo Alnefelt with a rebound.
15:06 of 1st period - Wrist shot by Matt Coronato.
15:06 of 1st period - Shot Misses the Net.
15:08 of 1st period - Wrist shot by Cole Cassels.
15:08 of 1st period - Shot Blocked by Ronnie Attard.
15:10 of 1st period - Wrist shot by Cole Cassels.
15:10 of 1st period - Stopped by Arturs Silovs with a rebound.
15:12 of 1st period - Snap shot by Steven Fogarty.
15:12 of 1st period - Stopped by Arturs Silovs with a rebound.
15:14 of 1st period - Snap shot by Steven Fogarty.
15:14 of 1st period - Shot Hit the Post.
15:16 of 1st period - Snap shot by David Farrance.
15:16 of 1st period - Stopped by Arturs Silovs without a rebound.
15:17 of 1st period - Dominic Toninato wins face-off versus Steven Fogarty in Marlies zone.
15:17 of 1st period - Dominic Toninato is hit by Matt Coronato.
16:12 of 1st period - Slapshot by Greg McKegg.
16:12 of 1st period - Shot Blocked by Cole Cassels.
16:34 of 1st period - Backhand shot by Nikita Alexandrov.
16:34 of 1st period - Stopped by Hugo Alnefelt with a rebound.
17:22 of 1st period - Off-side.
17:23 of 1st period - Cole Cassels wins face-off versus Brad Richardson in neutral zone.
18:00 of 1st period - Jakub Galvas is hit by Filip Cederqvist.
19:30 of 1st period - Wrist shot by Brett Seney.
19:30 of 1st period - Goal by Brett Seney - Islanders : 0 - Marlies : 2.
19:31 of 1st period - Nikita Alexandrov wins face-off versus Steven Fogarty in neutral zone.
19:36 of 1st period - Libor Hajek is hit by Saku Maenalanen and loses puck.
Goals for this period are 0 for Islanders vs 2 for Marlies.
Shots for this period are 5 for Islanders vs 12 for Marlies.

2nd period


0:01 of 2nd period - Dominic Toninato wins face-off versus Steven Fogarty in neutral zone.
0:03 of 2nd period - Ronnie Attard is hit by Steven Fogarty and loses puck.
0:12 of 2nd period - Snap shot by Matt Coronato.
0:12 of 2nd period - Shot Misses the Net.
0:14 of 2nd period - Wrist shot by Steven Fogarty.
0:14 of 2nd period - Shot Misses the Net.
0:16 of 2nd period - Snap shot by Mitchell Vande Sompel.
0:16 of 2nd period - Deflect By Ronnie Attard.
0:16 of 2nd period - Stopped by Arturs Silovs with a rebound.
1:12 of 2nd period - Snap shot by Nikita Alexandrov.
1:12 of 2nd period - Goal by Nikita Alexandrov - Islanders : 0 - Marlies : 3.
1:13 of 2nd period - Dominic Toninato wins face-off versus Steven Fogarty in neutral zone.
1:24 of 2nd period - Snap shot by Dominic Toninato.
1:24 of 2nd period - Stopped by Hugo Alnefelt with a rebound.
1:57 of 2nd period - Ville Koivunen is hit by Brent Gates Jr. and loses puck.
2:56 of 2nd period - Snap shot by Saku Maenalanen.
2:56 of 2nd period - Shot Misses the Net.
3:52 of 2nd period - Jermaine Loewen is hit by Steven Fogarty and loses puck.
4:39 of 2nd period - Minor Penalty to Andy Welinski for Hooking.
4:40 of 2nd period - Brent Gates Jr. wins face-off versus Brad Richardson in Marlies zone.
4:45 of 2nd period - Backhand shot by Matt Coronato.
4:45 of 2nd period - Deflect By Alec Regula.
4:45 of 2nd period - Shot Blocked by Alec Regula.
4:45 of 2nd period - Puck is out of play.
4:46 of 2nd period - Brad Richardson wins face-off versus Brent Gates Jr. in Marlies zone.
5:39 of 2nd period - Slapshot by Ronnie Attard.
5:39 of 2nd period - Stopped by Hugo Alnefelt without a rebound.
5:40 of 2nd period - Brent Gates Jr. wins face-off versus Brad Richardson in Islanders zone.
5:45 of 2nd period - Lassi Thomson is hit by Steven Fogarty and loses puck.
6:10 of 2nd period - Alec Regula is hit by Jack Dougherty and loses puck.
6:39 of 2nd period - Penalty to Andy Welinski is over, Andy Welinski is back on ice.
6:55 of 2nd period - Snap shot by Taro Hirose.
6:55 of 2nd period - Shot Misses the Net.
6:57 of 2nd period - Slapshot by Jack Dougherty.
6:57 of 2nd period - Stopped by Arturs Silovs with a rebound.
8:13 of 2nd period - David Farrance is hit by Nikita Alexandrov and loses puck.
8:36 of 2nd period - Minor Penalty to Jermaine Loewen for Interference.
8:37 of 2nd period - Brad Richardson wins face-off versus Brent Gates Jr. in Marlies zone.
8:37 of 2nd period - Brad Richardson is hit by Steven Fogarty.
9:17 of 2nd period - Wrist shot by Greg McKegg.
9:17 of 2nd period - Shot Blocked by Mitchell Vande Sompel.
9:51 of 2nd period - Alec Regula is hit by Cole Cassels.
10:13 of 2nd period - Saku Maenalanen is hit by Ryan Schmelzer.
10:36 of 2nd period - Penalty to Jermaine Loewen is over, Jermaine Loewen is back on ice.
10:47 of 2nd period - Snap shot by Taro Hirose.
10:47 of 2nd period - Stopped by Arturs Silovs without a rebound.
10:48 of 2nd period - Ryan Schmelzer wins face-off versus Kyle Criscuolo in Marlies zone.
10:51 of 2nd period - Snap shot by Ryan Schmelzer.
10:51 of 2nd period - Shot Blocked by Lassi Thomson.
11:01 of 2nd period - Wrist shot by Taro Hirose.
11:01 of 2nd period - Shot Misses the Net.
11:17 of 2nd period - Cole Cassels is hit by Brad Richardson and loses puck.
12:17 of 2nd period - Ryan Schmelzer is hit by Jermaine Loewen and loses puck.
12:37 of 2nd period - Tyler Madden is hit by Ville Koivunen and loses puck.
12:58 of 2nd period - Wrist shot by Filip Cederqvist.
12:58 of 2nd period - Stopped by Hugo Alnefelt with a rebound.
13:00 of 2nd period - Snap shot by Ryan Merkley.
13:00 of 2nd period - Shot Blocked by Brent Gates Jr..
13:02 of 2nd period - Slapshot by Lassi Thomson.
13:02 of 2nd period - Deflect By Dominic Toninato.
13:02 of 2nd period - Shot Blocked by David Farrance.
13:02 of 2nd period - Puck is out of play.
13:03 of 2nd period - Nikita Alexandrov wins face-off versus Steven Fogarty in Islanders zone.
13:24 of 2nd period - Slapshot by Dominic Toninato.
13:24 of 2nd period - Stopped by Hugo Alnefelt with a rebound.
13:26 of 2nd period - Slapshot by Ronnie Attard.
13:26 of 2nd period - Stopped by Hugo Alnefelt with a rebound.
13:28 of 2nd period - Slapshot by Filip Cederqvist.
13:28 of 2nd period - Shot Misses the Net.
13:30 of 2nd period - Slapshot by Ronnie Attard.
13:30 of 2nd period - Stopped by Hugo Alnefelt with a rebound.
13:32 of 2nd period - Snap shot by Brett Seney.
13:32 of 2nd period - Stopped by Hugo Alnefelt with a rebound.
13:34 of 2nd period - Slapshot by Lassi Thomson.
13:34 of 2nd period - Deflect By Brett Seney.
13:34 of 2nd period - Stopped by Hugo Alnefelt with a rebound.
15:21 of 2nd period - Brad Richardson is hit by Mitchell Vande Sompel and loses puck.
15:32 of 2nd period - Mitchell Vande Sompel is hit by Saku Maenalanen and loses puck.
15:53 of 2nd period - Jakub Galvas is hit by Brad Richardson and loses puck.
16:19 of 2nd period - Grigori Denisenko is hit by Dominic Toninato and loses puck.
16:24 of 2nd period - Wrist shot by Filip Cederqvist.
16:24 of 2nd period - Stopped by Hugo Alnefelt with a rebound.
17:21 of 2nd period - Mitchell Vande Sompel is hit by Jermaine Loewen.
17:33 of 2nd period - Slapshot by Alec Regula.
17:33 of 2nd period - Stopped by Hugo Alnefelt with a rebound.
18:53 of 2nd period - Wrist shot by Dominic Toninato.
18:53 of 2nd period - Shot Misses the Net.
19:46 of 2nd period - Grigori Denisenko is hit by Andy Welinski and loses puck.
Goals for this period are 0 for Islanders vs 1 for Marlies.
Shots for this period are 3 for Islanders vs 11 for Marlies.

3rd period


0:01 of 3rd period - Matt Coronato wins face-off versus Nikita Alexandrov in neutral zone.
0:16 of 3rd period - Wrist shot by Steven Fogarty.
0:16 of 3rd period - Shot Misses the Net.
0:38 of 3rd period - Slapshot by Brad Richardson.
0:38 of 3rd period - Stopped by Hugo Alnefelt without a rebound.
0:39 of 3rd period - Brad Richardson wins face-off versus Ryan Schmelzer in Islanders zone.
0:42 of 3rd period - Wrist shot by Greg McKegg.
0:42 of 3rd period - Shot Misses the Net.
0:44 of 3rd period - Slapshot by Alec Regula.
0:44 of 3rd period - Deflect By Greg McKegg.
0:44 of 3rd period - Marlies goal is going for a video replay.
0:44 of 3rd period - The goal is good.
0:44 of 3rd period - Goal by Greg McKegg - Islanders : 0 - Marlies : 4.
0:45 of 3rd period - Steven Fogarty wins face-off versus Nikita Alexandrov in neutral zone.
1:00 of 3rd period - Wrist shot by Jonah Gadjovich.
1:00 of 3rd period - Shot Blocked by Libor Hajek.
1:10 of 3rd period - Libor Hajek is hit by Ville Koivunen and loses puck.
1:30 of 3rd period - Icing by Steven Fogarty.
1:31 of 3rd period - Dominic Toninato wins face-off versus Steven Fogarty in Islanders zone.
1:42 of 3rd period - Slapshot by Dominic Toninato.
1:42 of 3rd period - Shot Misses the Net.
1:55 of 3rd period - Off-side.
1:56 of 3rd period - Kyle Criscuolo wins face-off versus Brent Gates Jr. in neutral zone.
2:07 of 3rd period - Wrist shot by Brett Sutter.
2:07 of 3rd period - Shot Misses the Net.
2:21 of 3rd period - Jakub Galvas is hit by Saku Maenalanen and loses puck.
2:31 of 3rd period - Minor Penalty to Alec Regula for Roughing.
2:32 of 3rd period - Brad Richardson wins face-off versus Brent Gates Jr. in Marlies zone.
2:32 of 3rd period - Brad Richardson is hit by Brent Gates Jr..
3:52 of 3rd period - Brent Gates Jr. is hit by Jonah Gadjovich and loses puck.
4:05 of 3rd period - Cole Cassels is hit by Brett Seney and loses puck.
4:31 of 3rd period - Penalty to Alec Regula is over, Alec Regula is back on ice.
4:46 of 3rd period - Slapshot by Ryan Merkley.
4:46 of 3rd period - Shot Misses the Net.
4:54 of 3rd period - Minor Penalty to Brett Sutter for Tripping.
4:55 of 3rd period - Brad Richardson wins face-off versus Brent Gates Jr. in Marlies zone.
5:30 of 3rd period - Grigori Denisenko is hit by Greg McKegg and loses puck.
5:31 of 3rd period - Grigori Denisenko from Islanders is injured at 5:31 of 3rd period (Lower Body).
5:32 of 3rd period - Matt Coronato wins face-off versus Brad Richardson in Islanders zone.
5:45 of 3rd period - Snap shot by Libor Hajek.
5:45 of 3rd period - Goal by Libor Hajek - Islanders : 1 - Marlies : 4.
5:46 of 3rd period - Dominic Toninato wins face-off versus Steven Fogarty in neutral zone.
6:12 of 3rd period - Steven Fogarty is hit by Lassi Thomson and loses puck.
6:37 of 3rd period - Slapshot by Mitchell Vande Sompel.
6:37 of 3rd period - Shot Misses the Net.
6:39 of 3rd period - Snap shot by Brent Gates Jr..
6:39 of 3rd period - Stopped by Arturs Silovs without a rebound.
6:40 of 3rd period - Nikita Alexandrov wins face-off versus Brent Gates Jr. in Marlies zone.
6:49 of 3rd period - Snap shot by Alec Regula.
6:49 of 3rd period - Stopped by Hugo Alnefelt with a rebound.
6:55 of 3rd period - Nikita Alexandrov is hit by Libor Hajek.
7:35 of 3rd period - Snap shot by Brett Sutter.
7:35 of 3rd period - Stopped by Hugo Alnefelt without a rebound.
7:36 of 3rd period - Dominic Toninato wins face-off versus Cole Cassels in Islanders zone.
7:49 of 3rd period - Wrist shot by Nikita Alexandrov.
7:49 of 3rd period - Stopped by Hugo Alnefelt without a rebound.
7:50 of 3rd period - Nikita Alexandrov wins face-off versus Steven Fogarty in Islanders zone.
8:07 of 3rd period - Minor Penalty to Lassi Thomson for Tripping.
8:08 of 3rd period - Brent Gates Jr. wins face-off versus Brad Richardson in Marlies zone.
8:11 of 3rd period - Slapshot by Matt Coronato.
8:11 of 3rd period - Stopped by Arturs Silovs with a rebound.
8:13 of 3rd period - Snap shot by Matt Coronato.
8:13 of 3rd period - Goal by Matt Coronato - Islanders : 2 - Marlies : 4.
8:14 of 3rd period - Brett Seney wins face-off versus Cole Cassels in neutral zone.
8:49 of 3rd period - Slapshot by Jonah Gadjovich.
8:49 of 3rd period - Deflect By Saku Maenalanen.
8:49 of 3rd period - Stopped by Hugo Alnefelt without a rebound.
8:50 of 3rd period - Brent Gates Jr. wins face-off versus Dominic Toninato in Islanders zone.
9:29 of 3rd period - Snap shot by Brett Seney.
9:29 of 3rd period - Shot Blocked by Jakub Galvas.
9:31 of 3rd period - Wrist shot by Dominic Toninato.
9:31 of 3rd period - Shot Blocked by Jakub Galvas.
10:11 of 3rd period - Wrist shot by Saku Maenalanen.
10:11 of 3rd period - Deflect By Nikita Alexandrov.
10:11 of 3rd period - Stopped by Hugo Alnefelt with a rebound.
11:32 of 3rd period - Off-side.
11:33 of 3rd period - Cole Cassels wins face-off versus Dominic Toninato in neutral zone.
11:42 of 3rd period - Wrist shot by Greg McKegg.
11:42 of 3rd period - Stopped by Hugo Alnefelt without a rebound.
11:43 of 3rd period - Brent Gates Jr. wins face-off versus Brad Richardson in Islanders zone.
12:46 of 3rd period - Wrist shot by Kyle Criscuolo.
12:46 of 3rd period - Stopped by Hugo Alnefelt with a rebound.
13:13 of 3rd period - Brandon Gignac is hit by Jonah Gadjovich and loses puck.
13:30 of 3rd period - Matt Coronato is hit by Filip Cederqvist and loses puck.
14:13 of 3rd period - Cole Cassels is hit by Andy Welinski and loses puck.
15:07 of 3rd period - Tyler Madden is hit by Greg McKegg and loses puck.
15:14 of 3rd period - Wrist shot by Ville Koivunen.
15:14 of 3rd period - Stopped by Hugo Alnefelt with a rebound.
15:50 of 3rd period - Snap shot by Brett Sutter.
15:50 of 3rd period - Stopped by Hugo Alnefelt with a rebound.
15:52 of 3rd period - Snap shot by Jermaine Loewen.
15:52 of 3rd period - Stopped by Hugo Alnefelt without a rebound.
15:53 of 3rd period - Kyle Criscuolo wins face-off versus Jackson Cates in Islanders zone.
15:54 of 3rd period - Wrist shot by Brett Sutter.
15:54 of 3rd period - Deflect By Jermaine Loewen.
15:54 of 3rd period - Stopped by Hugo Alnefelt without a rebound.
15:55 of 3rd period - Kyle Criscuolo wins face-off versus Jackson Cates in Islanders zone.
16:05 of 3rd period - Off-side.
16:06 of 3rd period - Brad Richardson wins face-off versus Steven Fogarty in neutral zone.
16:31 of 3rd period - Mitchell Vande Sompel is hit by Andy Welinski and loses puck.
17:00 of 3rd period - Slapshot by Jack Dougherty.
17:00 of 3rd period - Stopped by Arturs Silovs without a rebound.
17:01 of 3rd period - Brad Richardson wins face-off versus Steven Fogarty in Marlies zone.
17:01 of 3rd period - Brad Richardson is hit by Cole Cassels.
17:18 of 3rd period - David Farrance is hit by Kyle Criscuolo and loses puck.
17:47 of 3rd period - Mitchell Vande Sompel is hit by Brett Seney and loses puck.
18:25 of 3rd period - Jakub Galvas is hit by Greg McKegg and loses puck.
18:30 of 3rd period - Wrist shot by Ville Koivunen.
18:30 of 3rd period - Stopped by Hugo Alnefelt with a rebound.
18:32 of 3rd period - Slapshot by Ronnie Attard.
18:32 of 3rd period - Stopped by Hugo Alnefelt without a rebound.
18:33 of 3rd period - Kyle Criscuolo wins face-off versus Steven Fogarty in Islanders zone.
18:36 of 3rd period - Wrist shot by Brett Sutter.
18:36 of 3rd period - Stopped by Hugo Alnefelt without a rebound.
18:37 of 3rd period - Steven Fogarty wins face-off versus Kyle Criscuolo in Islanders zone.
18:37 of 3rd period - Steven Fogarty is hit by Brett Sutter.
Goals for this period are 2 for Islanders vs 1 for Marlies.
Shots for this period are 5 for Islanders vs 16 for Marlies.